 Dungeon Crawl Stone Soup version 0.31.0-32-g396128a36d (webtiles) character file.

Game seed: 1165641819070505220

126 monsoonserge the Ruffian (level 5, -1/35 HPs)
             Began as an Octopode Shapeshifter on Apr 8, 2024.
             Slain by an orc
             ... wielding a +0 flail
              (8 damage)
             ... on level 3 of the Dungeon.
             The game lasted 00:03:42 (1322 turns).

monsoonserge the Ruffian (Octopode Shapeshifter)    Turns: 1322, Time: 00:03:43

Health: -1/35      AC:  1    Str: 16    XL:     5   Next: 10%
Magic:  5/5        EV: 13    Int: 12    God:
Gold:   112        SH:  0    Dex: 11    Spells: 4/4 levels left

rFire   . .          .
                       - Unarmed
rCold   . . .        (no shield)
rNeg    . . .        (helmet currently unavailable)
rPois   .            (no amulet)
rElec   .            i - ring of resist corrosion
rCorr   +            (no ring)
SInv    .            (no ring)
Will    .....        (no ring)
Stlth   +++          (no ring)
HPRegen 0.25/turn    (no ring)
MPRegen 0.09/turn    (no ring)
                     (no ring)

%: no passive effects
@: beast-form
A: beast (slay +1), almost no armour, amphibious, 8 rings, camouflage 1,
gelatinous body 1, (nimble swimmer 1), tentacles
a: Begin Untransformation


You were on level 3 of the Dungeon.
You were a hulking beast.
You visited 1 branch of the dungeon, and saw 3 of its levels.

You collected 112 gold pieces.

Inventory:

Jewellery
 i - a ring of resist corrosion (left tentacle)
Talismans
 b - a beast talisman
 c - a flux talisman
Scrolls
 f - a scroll of brand weapon {unknown}
 g - a scroll of noise {unknown}
 h - a scroll of identify {unknown}
 j - a scroll of teleportation {unknown}
 k - a scroll of revelation {unknown}
Potions
 a - a potion of lignification
 d - a potion of might {unknown}
 e - 2 potions of heal wounds {unknown}
 l - a potion of enlightenment {unknown}
 m - a potion of magic {unknown}
 n - a potion of invisibility {unknown}


   Skills:
 + Level 2.3 Fighting
 + Level 3.0 Dodging
 - Level 2.0 Stealth
 * Level 4.2 Unarmed Combat
 - Level 3.0 Shapeshifting


You had 4 spell levels left.
You didn't know any spells.
Your spell library was empty.

Dungeon Overview and Level Annotations

Branches:
Dungeon (3/15)

Altars:

Shops:
D:2 (

Annotations:
D:2 Sigmund


Innate Abilities, Weirdness & Mutations

You are a hulking beast.
Your limbs bulge with bestial killing power. (Slay +1)
You cannot wear most types of armour.
You are amphibious.
You can wear up to eight rings at the same time.
Your skin changes colour to match your surroundings (Stealth+).
Your rubbery body absorbs attacks. (AC +1, EV +1)
((You are camouflaged when in or above water. (Stealth+)))
You have tentacles for arms and can constrict up to eight enemies at once.


Message History

You tentacle-slap the orc wizard. Your grab misses the orc wizard.
You squeeze the orc wizard.
The orc wizard is heavily wounded.
The orc wizard misses you.
You tentacle-slap the orc wizard. You grab the orc wizard.
Your squeeze misses the orc wizard.
The orc wizard is severely wounded.
You constrict the orc wizard, but do no damage.
The orc wizard gestures wildly while chanting.
The orc wizard flickers and vanishes!
Deactivating autopickup; reactivate with Ctrl-A.
You closely miss the orc. You grab the orc. You constrict the orc.
You constrict something.
You hear some strange, mumbled words.
A magic dart appears from out of thin air!
The magic dart hits you. The orc closely misses you.
You tentacle-slap the orc but do no damage.
You constrict the orc. You constrict something. Something hits you.
The orc hits you with a +0 club.
You tentacle-slap the orc but do no damage.
The orc is moderately wounded.
You constrict the orc. You constrict something.
Reactivating autopickup.
You feel a bit more experienced. The orc barely misses you.
Your Dodging skill increases to level 3!
You have reached level 5!
You feel stronger.
You barely miss the orc. Your grab misses the orc.
You constrict the orc, but do no damage.
The orc hits you with a +0 flail! The orc hits you with a +0 club.
You barely miss the orc. You grab the orc. You constrict the orc. x2
The orc hits you with a +0 flail.
* * * LOW HITPOINT WARNING * * *
The orc barely misses you.
You barely miss the orc.
The orc is almost dead.
You constrict the orc.
You kill the orc!
You constrict the orc. The orc hits you with a +0 flail!
You die...

.... .....#....
###..####.#..#....
........#.#..#.... .
.[.##.#.#.........
#.######.##.#.........#
#.#..............#....#.
................# .....
#....#.##.##..##....#.
.....#........h)......
#. #..##.#.##...o......
##.##..##.#.###.##.#..#.
........................
.#.##..##.#.###.## #.. .
.#.##............ ....
............###.# $#.
........#.#.# ## #
..............


You could see an orc.

Vanquished Creatures
  Terence (D:2)
  An orc wizard (D:3)
  4 adders
  A ribbon worm (D:2)
  A dart slug (D:1)
  2 orcs (D:3)
  4 endoplasms
  A giant cockroach (D:1)
  5 hobgoblins
  5 ball pythons
  4 bats (D:1)
  2 frilled lizards
  2 goblins (D:1)
  3 kobolds
  4 rats
40 creatures vanquished.

Notes
Turn   | Place    | Note
-------+----------+-------------------------------------------
     0 | D:1      | monsoonserge the Octopode Shapeshifter began the quest for
                  | the Orb.
     0 | D:1      | Reached XP level 1. HP: 13/13 MP: 1/1
   215 | D:1      | Reached XP level 2. HP: 18/18 MP: 2/2
   326 | D:1      | Reached skill level 1 in Stealth
   719 | D:2      | Found Olodus's Antique Weapon Emporium.
   735 | D:1      | Reached XP level 3. HP: 11/24 MP: 3/3
   820 | D:2      | Noticed Terence
   836 | D:2      | Killed Terence
   837 | D:2      | Reached XP level 4. HP: 7/29 MP: 4/4
  1134 | D:2      | Noticed Sigmund
  1138 | D:2      | Reached skill level 4 in Unarmed Combat
  1320 | D:3      | Reached XP level 5. HP: 25/35 MP: 5/5
  1322 | D:3      | Slain by an orc

Illustrated notes

Levels and vault maps discovered:
D:1:      eino_arrival_water_star, layout_loops_cross
D:2:      layout_rooms, serial_shops, shop, uniq_terence, uniq_sigmund
D:3:      layout_basic, serial_shops, nicolae_shop_back_alley_shop,
          uniq_grinder, uniq_natasha, uniq_robin, uniq_jessica

Skill      XL: |  1  2  3  4 |
---------------+-------------+-----
Stealth        | 1 2 |  2.0
Fighting       | 2 |  2.3
Unarmed Combat | 4 |  4.2
Dodging        | 3 |  3.0
Shapeshifting  | |  3.0

Action                     |  1- 3 |  4- 6 || total
---------------------------+-------+-------++-------
  Melee: Unarmed           |    51 |    29 ||    80
         Constrict         |     9 |     8 ||    17
         Tentacles         |    11 |     7 ||    18
         Punch             |       |     2 ||     2
   Stab: Sleeping          |     3 |       ||     3
         Distracted        |       |     1 ||     1
 Armour: Skin              |    24 |    11 ||    35
  Dodge: Dodged            |    27 |    17 ||    44
